 Dungeon Crawl Stone Soup version 0.20.1-1-g8b1a95d66d (webtiles) character file.

1090 Jerry the Spear-Bearer (level 8, -5/64 HPs)
             Began as a Merfolk Fighter on Nov 15, 2017.
             Was an Initiate of Yredelemnul.
             Slain by a two-headed ogre
             ... wielding a +0 giant club
              (11 damage)
             ... on level 6 of the Dungeon.
             The game lasted 00:14:18 (6315 turns).

Jerry the Spear-Bearer (Merfolk Fighter)            Turns: 6315, Time: 00:14:18

Health: -5/64      AC:  8    Str: 19    XL:     8   Next: 31%
Magic:  8/8        EV: 10    Int:  7    God:    Yredelemnul [......]
Gold:   473        SH:  0    Dex: 13    Spells: 7/7 levels left

rFire    . . .     SeeInvis .   q - +4 trident (protect)
rCold    . . .     Gourm    +   (no shield)
rNeg     . . .     Faith    .   b - +0 scale mail
rPois    +         Spirit   .   r - +0 helmet
rElec    .         Reflect  .   (no cloak)
rCorr    .         Harm     .   (no gloves)
MR       .....                  (no boots)
Stlth    ..........             C - amulet of the gourmand
Regen    0.2/turn               E - ring of poison resistance
MPRegen  0.2/turn               A - +1 ring of evasion

@: no status effects
A: change form in water, swift swim, stealthy swim
a: Renounce Religion


You were on level 6 of the Dungeon.
You worshipped Yredelemnul.
Yredelemnul was noncommittal.
You were completely stuffed.

You visited 2 branches of the dungeon, and saw 7 of its levels.

You collected 473 gold pieces.

Inventory:

Hand Weapons
 q - a +4 trident of protection (weapon)
Missiles
 y - 7 javelins of returning (quivered)
Armour
 b - a +0 scale mail (worn)
 c - a +0 shield
 r - a +0 helmet (worn)
Jewellery
 A - a +1 ring of evasion (right hand)
 B - an uncursed ring of flight
 C - an amulet of the gourmand (around neck)
 E - a ring of poison resistance (left hand)
Wands
 g - a wand of digging (2/24)
 w - a wand of digging (13/24)
 F - a wand of random effects (38/48)
 G - a wand of confusion (23/48)
Scrolls
 h - 5 scrolls of identify
 j - 2 scrolls of immolation
 k - 4 scrolls of remove curse
 n - a scroll of enchant armour {unknown}
 p - 2 scrolls of noise {unknown}
 t - a scroll of recharging {unknown}
 D - a scroll of enchant weapon {unknown}
Potions
 a - 4 potions of heal wounds {unknown}
 d - a potion of might
 e - 2 potions of lignification {unknown}
 i - a potion of degeneration {unknown}
 l - 2 potions of curing {unknown}
 o - 3 potions of mutation {unknown}
 u - 2 potions of agility
 v - a potion of haste {unknown}
 x - a potion of ambrosia {unknown}
Comestibles
 f - 8 bread rations
 m - 4 royal jellies
 s - 3 meat rations
 z - 5 fruits
 H - a chunk of flesh


   Skills:
 + Level 6.0 Fighting
 * Level 9.8 Polearms
 + Level 4.4 Armour
 - Level 3.0 Shields


You had 7 spell levels left.
You didn't know any spells.

Dungeon Overview and Level Annotations

Branches:
Dungeon (6/15)             Temple (1/1) D:5

Altars:
Ashenzari
Cheibriados
Dithmenos
Elyvilon
Fedhas
Gozag
Hepliaklqana
Kikubaaqudgha
Makhleb
Nemelex Xobeh
Okawaru
Qazlal
Ru
Sif Muna
Trog
Uskayaw
Vehumet
Xom
Yredelemnul
Zin
The Shining One


Message History

You are too injured to fight recklessly!
You are too injured to fight recklessly!
You are too injured to fight recklessly!
You are too injured to fight recklessly!
You are too injured to fight recklessly!
You hit the two-headed ogre.
The two-headed ogre is lightly wounded.
The two-headed ogre hits you with a giant club!!
The two-headed ogre hits you with a giant spiked club!!
* * * LOW HITPOINT WARNING * * *
Found a stone staircase leading down.
Things that are here:
an adder corpse; a hound corpse
Things that are here:
an adder corpse; a hound corpse The two-headed ogre hits you with a giant club!!
* * * LOW HITPOINT WARNING * * *
The two-headed ogre hits you with a giant spiked club!
You die...
Your body rises from the dead as a mindless zombie.

#(#..# #.# #######.# #..#
#. ..# ########.# #..#
..##> .........# #..# #
..... .#######.# #..# #.
.... #.# #..# #.##.## #.#
#..#
......##########.###..# #
#..................#
##.##..@O........####.##
#...<..########### #.#
#..##.## #.# . #.# #.# #.
#†# #.#
#...#.###############.#
#.....................#
......###.###############
...... #.#


You could see a two-headed ogre.

Vanquished Creatures
  Sigmund (D:2)
  Blork the orc (D:5)
  A scorpion (D:4)
  2 howler monkeys
  A crimson imp (D:6)
  A bullfrog skeleton (D:5)
  3 hounds
  An orc priest (D:4)
  4 orc wizards
  Terence (D:3)
  Natasha (thrice) (D:1)
  2 worker ants
  A hound skeleton (D:5)
  A worker ant zombie (D:5)
  Robin (D:2)
  8 adders
  A shadow imp (D:6)
  2 oozes
  2 adder skeletons
  An adder zombie (D:6)
  A worm (D:2)
  5 dart slugs
  3 leopard geckos
  21 orcs
  4 ball pythons
  10 bats
  10 giant cockroaches
  10 goblins
  17 hobgoblins
  4 jackals
  7 kobolds
  5 quokkas
  5 frilled lizards
  13 rats
  A fungus (D:4)
154 creatures vanquished.

Notes
Turn   | Place    | Note
-------+----------+-------------------------------------------
     0 | D:1      | Jerry the Merfolk Fighter began the quest for the Orb.
     0 | D:1      | Reached XP level 1. HP: 18/18 MP: 1/1
    11 | D:1      | Noticed a crocodile
    12 | D:1      | Noticed an anaconda
    12 | D:1      | Noticed a hound
   182 | D:1      | Reached XP level 2. HP: 22/24 MP: 2/2
   421 | D:1      | Reached skill level 4 in Polearms
   790 | D:2      | Reached XP level 3. HP: 28/29 MP: 3/3
   824 | D:2      | Noticed Natasha
   863 | D:1      | Killed Natasha
  1152 | D:1      | Noticed Natasha
  1157 | D:1      | Killed Natasha
  1157 | D:1      | Reached skill level 5 in Polearms
  1157 | D:1      | Reached XP level 4. HP: 28/37 MP: 4/4
  1196 | D:1      | Noticed Natasha
  1209 | D:1      | Killed Natasha
  1347 | D:2      | Noticed Robin
  1359 | D:2      | Killed Robin
  1359 | D:2      | Reached XP level 5. HP: 31/42 MP: 5/5
  1839 | D:2      | Noticed Sigmund
  1849 | D:2      | Killed Sigmund
  1849 | D:2      | Reached skill level 6 in Polearms
  1849 | D:2      | Reached XP level 6. HP: 30/49 MP: 6/6
  2342 | D:3      | Reached skill level 7 in Polearms
  2621 | D:3      | Noticed Terence
  2669 | D:3      | Killed Terence
  2913 | D:3      | Reached XP level 7. HP: 40/55 MP: 7/7
  3158 | D:3      | Reached skill level 5 in Fighting
  3719 | D:3      | Reached skill level 8 in Polearms
  4495 | D:5      | Entered Level 5 of the Dungeon
  4542 | D:5      | Reached skill level 9 in Polearms
  4644 | D:5      | Reached XP level 8. HP: 64/64 MP: 8/8
  4805 | D:5      | Noticed Blork the orc
  4810 | D:5      | Killed Blork the orc
  4907 | D:5      | Found a staircase to the Ecumenical Temple.
  4913 | Temple   | Entered the Ecumenical Temple
  5571 | Temple   | Became a worshipper of Yredelemnul the Dark
  6189 | D:6      | Noticed a two-headed ogre
  6200 | D:6      | HP: 3/64 [two-headed ogre/giant club (25)]
  6315 | D:6      | Slain by a two-headed ogre

Skill      XL: |  1  2  3  4  5  6  7  8 |
---------------+-------------------------+-----
Polearms       | 4 5 6 7 9 |  9.8
Fighting       | 4 5 6 |  6.0
Armour         | 3 4 |  4.4
Shields        | |  3.0

Action                   |  1- 3 |  4- 6 |  7- 9 || total
-------------------------+-------+-------+-------++-------
Melee: Trident           |    99 |   204 |   231 ||   534
  Use: Scroll            |       |       |     3 ||     3
  Eat: Chunk             |       |     7 |    18 ||    25
Armor: Scale mail        |    40 |    81 |    89 ||   210
Dodge: Dodged            |    44 |    75 |    70 ||   189
